 Dungeon Crawl Stone Soup version 0.29.1-2-gbd0b4ee654 (webtiles) character file.

Game seed: 1838771382796222046

80399 Ivernyr the Marksspriggan (level 15, -1/74 HPs)
             Began as a Spriggan Arcane Marksman on Nov 14, 2022.
             Was the Champion of Fedhas.
             Hit by a large rock thrown by a stone giant (59 damage)
             ... on level 15 of the Dungeon.
             The game lasted 03:59:55 (27026 turns).

Ivernyr the Marksspriggan (SpAM)                   Turns: 27026, Time: 03:59:56

Health: -1/74      AC:  3    Str:  6    XL:     15   Next: 23%
Magic:  31/31      EV: 38    Int: 15    God:    Fedhas [******]
Gold:   1763       SH:  0    Dex: 35    Spells: 25/36 levels left

rFire   . . .      SeeInvis +   C - +0 arbalest (freeze)
rCold   . . .      Faith    .   (shield currently unavailable)
rNeg    + . .      Spirit   .   c - +1 robe "Jetrop" {+Blink rN+ rCorr}
rPois   .          Reflect  .   (helmet restricted)
rElec   .          Harm     .   q - scarf {repulsion}
rCorr   +          Rampage  .   (gloves unavailable)
Will    ++...                   (boots unavailable)
Stlth   +++.......              P - amulet of the acrobat
HPRegen 0.22/turn               a - +6 ring of dexterity
MPRegen 0.22/turn               I - +6 ring of dexterity

@: repel missiles, very quick
A: very small, no large weapons, unfitting armour, see invisible, speed 3
a: Renounce Religion, Evoke Blink, Wall of Briars, Grow Ballistomycete,
Overgrow, Grow Oklob


You were on level 15 of the Dungeon.
You worshipped Fedhas.
Fedhas was exalted by your worship.
You visited 3 branches of the dungeon, and saw 21 of its levels.
You also visited: Ossuary and Ice Cave.

You collected 1763 gold pieces.

Inventory:

Hand Weapons
 j - a +3 scimitar of flaming
 C - a +0 arbalest of freezing (weapon)
Armour
 c - the +1 robe "Jetrop" (worn) {+Blink rN+ rCorr}
   (You found it on level 7 of the Dungeon)

   rN:        It protects you from negative energy.
   +Blink:    It lets you blink.
   rCorr:     It protects you from acid and corrosion.
 q - a scarf of repulsion (worn)
Jewellery
 a - a +6 ring of dexterity (left hand)
 l - a ring of positive energy
 x - a ring of resist corrosion
 H - a ring of protection from cold
 I - a +6 ring of dexterity (right hand)
 K - a ring of protection from cold
 P - an amulet of the acrobat (around neck)
Wands
 s - a wand of flame (34)
 v - a wand of roots (20)
 y - a wand of polymorph (15)
 F - a wand of mindburst (5)
 M - a wand of paralysis (6)
Scrolls
 b - 2 scrolls of poison
 e - 5 scrolls of amnesia
 h - 10 scrolls of teleportation
 k - 3 scrolls of vulnerability
 o - 2 scrolls of blinking
 r - 4 scrolls of immolation
 t - 2 scrolls of magic mapping
 D - a scroll of summoning
 E - 2 scrolls of fear
 J - 2 scrolls of enchant weapon
 L - a scroll of enchant armour
 N - 3 scrolls of identify
Potions
 d - 11 potions of flight
 f - 4 potions of heal wounds
 g - 4 potions of might
 i - 3 potions of mutation
 m - 5 potions of haste
 n - 10 potions of curing
 p - a potion of magic
 u - 2 potions of brilliance
 z - 3 potions of lignification
 A - a potion of invisibility
 G - a potion of ambrosia
Miscellaneous
 O - a lightning rod (4/4)


   Skills:
 + Level 6.4 Fighting
 * Level 17.4 Ranged Weapons
 - Level 13.2 Dodging
 - Level 11.4 Spellcasting
 - Level 10.0 Hexes
 + Level 10.7 Invocations
 + Level 9.3 Evocations


You had 25 spell levels left.
You knew the following spells:

 Your Spells              Type           Power      Damage    Failure   Level
a - Slow                  Hex            100%       N/A       1%          1
b - Portal Projectile     Hex/Tloc       46%        N/A       3%          3
c - Inner Flame           Hex/Fire       23%        N/A       3%          3
d - Cause Fear            Hex            19%        N/A       1%          4

Your spell library contained the following spells:

 Spells                   Type           Power      Damage    Failure   Level
 Tukima's Dance           Hex            38%        N/A       1%          3
 Apportation              Tloc           16%        N/A       9%          1
 Necrotise                Necr           32%        1d5       9%          1
 Sandblast                Erth           16%        2d6       9%          1
 Summon Small Mammal      Summ           32%        N/A       9%          1
 Leda's Liquefaction      Hex/Erth       11%        N/A       11%         4
 Passwall                 Tmut/Erth      6%         N/A       13%         2
 Poisonous Vapours        Pois/Air       16%        N/A       13%         2
 Sublimation of Blood     Necr           8%         N/A       13%         2
 Wereblood                Tmut           8%         N/A       13%         2
 Call Canine Familiar     Summ           8%         N/A       26%         3
 Conjure Flame            Conj/Fire      8%         6-21      26%         3
 Ignite Poison            Fire/Tmut/Pois 8%         N/A       26%         3
 Stone Arrow              Conj/Erth      16%        3d8       26%         3
 Airstrike                Air            4%         2d(1-17)  63%         4
 Corpse Rot               Necr/Pois/Air  8%         N/A       63%         4
 Sticky Flame             Conj/Fire      8%         2d3       63%         4
 Summon Lightning Spire   Summ/Air       8%         N/A       63%         4
 Blade Hands              Tmut           4%         N/A       93%         5
 Fireball                 Conj/Fire      4%         3d4       93%         5
 Iskenderun's Battlesphe  Conj           8%         2d6       93%         5
 Lightning Bolt           Conj/Air       4%         1d15      93%         5
 Conjure Ball Lightning   Conj/Air       4%         3x3d6     100%        6
 Starburst                Conj/Fire      4%         6d3       100%        6
 Orb of Destruction       Conj           4%         9d5       100%        7
 Summon Hydra             Summ           4%         N/A       100%        7
 Discord                  Hex            19%        N/A       100%        8
 Disjunction              Tloc           4%         N/A       100%        8
 Ignition                 Fire           4%         3d4       100%        8


Dungeon Overview and Level Annotations

Branches:
Dungeon (15/15)            Temple (1/1) D:7            Lair (5/5) D:10
  Swamp (0/4) Lair:2        Snake (0/4) Lair:2        Slime (0/5) Lair:4
    Orc (0/2) D:12         Vaults (0/5) D:13        Ossuary (visited)
  IceCv (visited)
 Depths: D:15

Altars:
Ashenzari
Fedhas
Gozag
Hepliaklqana
Kikubaaqudgha
Makhleb
Okawaru
Qazlal
Sif Muna
Trog
Uskayaw
Vehumet
Wu Jian
Yredelemnul
Zin
The Shining One
Jiyva

Shops:
D:13 *

Portals:
Trove: D:13 (give 6 scrolls of blinking)

Annotations:
D:3 1 runed translucent door, Henri's ghost, amateur GrEE
D:9 2 transporters
D:10 2 transporters, exclusion: obsidian statue
D:13 3 runed translucent doors, Kiokkeho's ghost, journeyman TrMo
D:14 1 runed translucent door


Innate Abilities, Weirdness & Mutations

You are very small and have problems with some larger weapons.
You are too small for most types of armour.
You have supernaturally acute eyesight. (SInv)
You cover ground extremely quickly. (Speed+++)


Message History

The bolt freezes the necromancer.
You kill the necromancer!
Fedhas appreciates your contribution to the ecosystem.
Your life force feels restored.
Fire: C) +0 arbalest (freeze)
Press: ? - help, Q - select action, (/) - cycle Shift-Dir - straight line, f - you
Okay, then.
You see here a deep troll corpse.
Items here: ) [[ †.
Okay, then.
Fire: C) +0 arbalest (freeze)
Press: ? - help, Q - select action, (/) - cycle Shift-Dir - straight line, f - stone giant
Aim: a stone giant, quivering large rocks (92% to hit)
You shoot a bolt. The bolt barely misses the stone giant.
Unknown command.
Fire: C) +0 arbalest (freeze)
Press: ? - help, Q - select action, (/) - cycle Shift-Dir - straight line, f/p - stone giant
Aim: a stone giant, quivering large rocks (92% to hit)
You shoot a bolt. The bolt hits the stone giant!
The bolt freezes the stone giant.
The stone giant is moderately wounded.
You see here a deep troll corpse.
You see here a +3 scimitar of flaming.
The stone giant throws a large rock.
The large rock completely misses you.
Fire: C) +0 arbalest (freeze)
Press: ? - help, Q - select action, (/) - cycle Shift-Dir - straight line, f/p - stone giant
Aim: a stone giant, quivering large rocks (moderately wounded, 92% to hit)
You shoot a bolt. The bolt hits the stone giant.
The bolt freezes the stone giant.
The stone giant is moderately wounded.
Fire: C) +0 arbalest (freeze)
Press: ? - help, Q - select action, (/) - cycle Shift-Dir - straight line, f/p - stone giant
Aim: a stone giant, quivering large rocks (moderately wounded, 92% to hit)
You shoot a bolt. The bolt hits the stone giant!!
The bolt freezes the stone giant!
The stone giant is almost dead.
The stone giant throws a large rock.
The large rock hits you!!!
Ouch! That really hurt!
You die...
Fedhas appreciates your contribution to the ecosystem.

#.#.# #.#...# #.#.###.#...# .
#..#.##.#...# #.
#....#......# #..
#......(..#.# ..
##.....####.# # #.####
##.#..####.#
....#...###########.#.......#
#.)?)).C†)@.....#.........#
#.#....########..........##
#....# #........#..###.#
###### #.####......# #.# #.#
#.###.## #.# #.####.# #.# #.#
#...##.# #.## #.# ###.##.#
#..# #.# #.##.# #..# #.#


You could see a stone giant.

Vanquished Creatures
  Rupert (D:13)
  A fire giant (D:13)
  A dire elephant (Lair:2)
  5 vault guards (D:13)
  4 hydras
  An ogre mage (D:13)
  3 boulder beetles
  4 catoblepae
  2 two-headed ogres (D:13)
  An anaconda (Lair:2)
  4 centaur warriors
  6 death yaks (Lair:5)
  A tengu warrior (D:15)
  An alligator (Lair:2)
  Urug (D:13)
  5 skeletal warriors (D:14)
  A fire crab (Lair:2)
  A sun demon (D:13)
  Lodul (D:13)
  A deep troll (D:15)
  2 wizards
  A deep elf archer (D:13)
  2 necromancers (D:15)
  3 deep elf pyromancers
  An ugly thing (D:13)
  9 cyclopes
  4 manticores
  16 elephants
  A centaur zombie (D:9)
  4 black mambas
  An ice statue (IceCv)
  A gargoyle (D:13)
  A torpor snail (Lair:2)
  2 smoke demons (D:13)
  2 centaur skeletons (D:9)
  11 cane toads
  15 komodo dragons
  2 efreet
  4 rime drakes
  4 ice devils (IceCv)
  3 hellwings (D:9)
  2 freezing wraiths
  3 trolls
  A yaktaur (D:13)
  A hornet (D:9)
  2 polar bears (Lair:2)
  4 dream sheep (Lair:5)
  Grinder (D:4)
  A tarantella (shapeshifter) (D:9)
  7 slime creatures (D:13)
  7 blink frogs
  A centaur simulacrum (D:15)
  Sigmund (D:6)
  2 shadows
  4 dire elephant simulacra (IceCv)
  26 yaks
  4 wraiths
  Eustachio (D:5)
  4 basilisks
  A vampire (D:11)
  5 wyverns
  A basilisk (shapeshifter) (D:14)
  Menkaure (D:4)
  7 vampire mosquitoes
  3 steam dragons
  4 harpy simulacra (IceCv)
  3 acid dragons
  2 hydra simulacra (IceCv)
  18 water moccasins
  Pargi (D:4)
  5 orc warriors
  A sky beast (D:7)
  4 ice beasts
  5 black bears
  12 ogres
  8 wolves
  6 centaurs
  A phantom (D:7)
  14 bullfrogs
  A kobold brigand (D:9)
  Blork the orc (D:4)
  3 elf zombies (Ossuary)
  3 necrophages (D:7)
  A gnoll sergeant (D:6)
  A cane toad simulacrum (IceCv)
  5 scorpions
  5 wights (D:9)
  An elephant simulacrum (IceCv)
  7 killer bees
  9 electric eels
  5 howler monkeys
  14 jellies (Lair:4)
  3 orc priests
  A gnoll bouda (D:7)
  A hound (D:4)
  8 iguanas
  13 orc wizards
  A hell rat (Lair:2)
  2 wolf simulacra (IceCv)
  4 mummies
  Robin (D:4)
  9 gnolls
  An adder (D:4)
  A shadow imp (D:8)
  3 white imps
  5 ufetubi
  An adder zombie (Ossuary)
  4 dart slugs
  53 orcs
  4 bats
  10 endoplasms
  A giant cockroach (D:2)
  18 goblins
  10 hobgoblins
  3 quokkas
  3 ball pythons
  5 frilled lizards
  A goblin zombie (Ossuary)
  15 hobgoblin zombies
  A jackal zombie (Ossuary)
  16 kobolds
  13 kobold zombies
  5 orc zombies
  3 rats
  A rat zombie (Ossuary)
584 creatures vanquished.

Vanquished Creatures (collateral kills)
  A black mamba (Lair:2)
  3 wolves (Lair:1)
  A bullfrog (Lair:2)
  14 ballistomycete spores
19 creatures vanquished.

Vanquished Creatures (others)
  35 fungi
  46 plants
81 creatures vanquished.

Grand Total: 684 creatures vanquished

Notes
Turn   | Place    | Note
-------+----------+-------------------------------------------
     0 | D:1      | Ivernyr the Spriggan Arcane Marksman began the quest for
                  | the Orb.
     0 | D:1      | Reached XP level 1. HP: 9/9 MP: 3/3
   385 | D:1      | Reached XP level 2. HP: 14/14 MP: 5/5
   713 | D:2      | Reached XP level 3. HP: 17/17 MP: 4/7
   906 | D:2      | Found a faded altar of an unknown god.
  1050 | D:2      | Reached skill level 3 in Ranged Weapons
  1303 | D:2      | Reached XP level 4. HP: 19/21 MP: 8/8
  1532 | D:2      | Learned a level 3 spell: Portal Projectile
  1715 | D:3      | Found a runed translucent door.
  1723 | D:3      | Noticed a bullfrog
  1724 | D:3      | Noticed Henri's ghost (amateur GrEE)
  2069 | D:4      | Reached XP level 5. HP: 25/25 MP: 6/10
  2120 | D:4      | Noticed an ogre
  2128 | D:4      | Killed an ogre
  2129 | D:4      | Reached skill level 4 in Ranged Weapons
  2177 | D:4      | Noticed Menkaure
  2179 | D:4      | Noticed Robin
  2236 | D:4      | Reached XP level 6. HP: 19/29 MP: 10/12
  2359 | D:3      | Learned a level 3 spell: Inner Flame
  2376 | D:4      | Found a sand-covered staircase.
  2390 | Ossuary  | Entered an ossuary
  3078 | Ossuary  | Reached skill level 5 in Hexes
  3265 | Ossuary  | Reached skill level 5 in Ranged Weapons
  3265 | Ossuary  | Reached skill level 5 in Dodging
  3337 | D:4      | Reached XP level 7. HP: 32/32 MP: 14/14
  3350 | D:4      | Killed Robin
  3607 | D:4      | Noticed Blork the orc
  3646 | D:4      | Killed Blork the orc
  4055 | D:4      | Noticed Pargi
  4071 | D:4      | Killed Pargi
  4101 | D:4      | Killed Menkaure
  4107 | D:4      | Learned a level 4 spell: Cause Fear
  4113 | D:4      | Noticed Grinder
  4403 | D:4      | Killed Grinder
  4404 | D:4      | Reached skill level 6 in Ranged Weapons
  4404 | D:4      | Reached skill level 5 in Spellcasting
  4404 | D:4      | Reached XP level 8. HP: 37/37 MP: 14/16
  4653 | D:5      | Entered Level 5 of the Dungeon
  4697 | D:5      | Noticed Eustachio
  4718 | D:5      | Killed Eustachio
  4978 | D:5      | Reached skill level 7 in Ranged Weapons
  5993 | D:6      | Reached XP level 9. HP: 25/40 MP: 19/19
  6130 | D:6      | Noticed Sigmund
  6146 | D:6      | Killed Sigmund
  6188 | D:6      | Reached skill level 8 in Ranged Weapons
  6505 | D:7      | Identified the +1 robe "Jetrop" {+Blink rN+ rCorr}
  7247 | D:7      | Reached skill level 9 in Ranged Weapons
  7530 | D:7      | Found a staircase to the Ecumenical Temple.
  7611 | Temple   | Entered the Ecumenical Temple
  7645 | Temple   | Became a worshipper of Fedhas Madash
  8069 | D:8      | Reached XP level 10. HP: 44/44 MP: 22/22
  8229 | D:8      | Found a hide-covered altar of Uskayaw.
  8816 | D:9      | Found a hazy altar of Hepliaklqana.
  8817 | D:9      | Found a broken altar of Ashenzari.
  8820 | D:9      | Found a basalt altar of Yredelemnul.
  8821 | D:9      | Found a shimmering blue altar of Sif Muna.
  8821 | D:9      | Found a radiant altar of Vehumet.
  8822 | D:9      | Found a burning altar of Makhleb.
  8890 | D:9      | Reached skill level 1 in Invocations
  8961 | D:9      | Reached skill level 10 in Ranged Weapons
  9451 | D:9      | Reached * piety under Fedhas
 10127 | D:9      | Found a viscous altar of Jiyva.
 10128 | D:9      | Noticed a great orb of eyes
 10174 | D:9      | Reached skill level 10 in Dodging
 10193 | D:9      | Found a transporter.
 10197 | D:9      | Found a transporter.
 10347 | D:9      | Reached skill level 1 in Fighting
 10574 | D:9      | Found the +4 Cigotuvi's embrace {rMiasma Drain rN+}
 10626 | D:10     | Entered Level 10 of the Dungeon
 10856 | D:9      | Reached skill level 11 in Ranged Weapons
 10856 | D:9      | Reached XP level 11. HP: 17/49 MP: 23/23
 11388 | D:9      | Reached ** piety under Fedhas
 11401 | D:9      | Reached skill level 10 in Hexes
 11674 | D:10     | Found a staircase to the Lair.
 11783 | D:10     | Noticed a flayed ghost
 11784 | D:10     | Found a transporter.
 11784 | D:10     | Noticed an obsidian statue
 11784 | D:10     | Found the +11 plutonium sword {Contam Stlth-}
 11784 | D:10     | Found the ring of the Octopus King
 11785 | D:10     | Noticed an ogre mage
 11786 | D:10     | Noticed an ogre mage
 11788 | D:10     | Noticed a centaur warrior
 12270 | D:10     | Reached *** piety under Fedhas
 12603 | D:10     | Found a transporter.
 12673 | Lair:1   | Entered Level 1 of the Lair of Beasts
 13000 | Lair:1   | Reached skill level 12 in Ranged Weapons
 13000 | Lair:1   | Reached skill level 5 in Invocations
 13990 | Lair:2   | Noticed a seven-headed hydra
 14011 | Lair:1   | Reached XP level 12. HP: 42/58 MP: 17/26
 14257 | Lair:2   | Killed a seven-headed hydra
 14395 | Lair:2   | Reached skill level 13 in Ranged Weapons
 14588 | Lair:2   | Found a staircase to the Swamp.
 14826 | Lair:2   | Reached skill level 10 in Spellcasting
 15006 | Lair:2   | Noticed an eight-headed hydra
 15016 | Lair:2   | Reached **** piety under Fedhas
 15025 | Lair:2   | Killed an eight-headed hydra
 15041 | Lair:2   | Noticed an alligator
 15072 | Lair:2   | Killed an alligator
 15073 | Lair:2   | Reached skill level 5 in Fighting
 15073 | Lair:2   | Noticed a dire elephant
 15098 | Lair:2   | Killed a dire elephant
 15189 | Lair:2   | Found a staircase to the Snake Pit.
 15298 | Lair:2   | Noticed an anaconda
 15306 | Lair:2   | Killed an anaconda
 15457 | Lair:3   | Reached skill level 14 in Ranged Weapons
 16306 | Lair:3   | Reached XP level 13. HP: 60/64 MP: 28/28
 16498 | Lair:4   | Found a viscous altar of Jiyva.
 16499 | Lair:4   | Found a staircase to the Slime Pits.
 17344 | Lair:4   | You fall into a shaft and drop 1 floor!
 17344 | Lair:5   | Entered Level 5 of the Lair of Beasts
 17931 | Lair:5   | Reached skill level 1 in Evocations
 18222 | Lair:5   | Reached ***** piety under Fedhas
 18615 | Lair:5   | Reached skill level 15 in Ranged Weapons
 19148 | Lair:5   | Identified the +1 helmet "Plog" {rF+}
 19569 | Lair:5   | Reached skill level 5 in Evocations
 20045 | Lair:5   | Identified the +4 scale mail of the Trilobite {Fly}
 20312 | D:11     | Found a frozen archway.
 20340 | IceCv    | Entered an ice cave
 20770 | IceCv    | Reached XP level 14. HP: 68/68 MP: 30/30
 22129 | IceCv    | Noticed a reaper
 22361 | D:11     | Found an iron altar of Okawaru.
 22875 | D:12     | Reached skill level 16 in Ranged Weapons
 23106 | D:12     | Found a staircase to the Orcish Mines.
 23595 | D:13     | Found Retabedd's Assorted Antiques.
 23635 | D:13     | Found a portal to a secret trove of treasure.
 23818 | D:13     | Noticed Urug
 23973 | D:13     | Noticed Lodul
 23981 | D:13     | Killed Lodul
 24113 | D:13     | Killed Urug
 24132 | D:13     | Found a runed translucent gate.
 24133 | D:13     | Found a runed translucent gate.
 24134 | D:13     | Found a runed translucent gate.
 24138 | D:13     | Noticed Kiokkeho's ghost (journeyman TrMo)
 24192 | D:13     | Noticed Rupert
 24206 | D:13     | Killed Rupert
 24253 | D:13     | Reached skill level 10 in Invocations
 24574 | D:13     | Found a gate to the Vaults.
 25071 | D:13     | Noticed a fire giant
 25072 | D:13     | Reached skill level 17 in Ranged Weapons
 25112 | D:13     | Killed a fire giant
 25333 | D:13     | Reached ****** piety under Fedhas
 25786 | D:14     | Reached XP level 15. HP: 73/73 MP: 31/31
 26016 | D:14     | You fall into a shaft and drop 1 floor!
 26016 | D:15     | Entered Level 15 of the Dungeon
 26282 | D:14     | Found a runed translucent door.
 27026 | D:15     | Hit by a large rock thrown by a stone giant

Illustrated notes

Levels and vault maps discovered:
D:1:      saegor_arrival_simple_e, layout_loops_ring
D:2:      layout_loops_ring, hellmonk_ecumenical_altar_prayer_group
D:3:      layout_rooms, ebering_ghost_sewer_d, grunt_decor_one_mirror
D:4:      layout_rooms, gup_ossuary_entry_pyramid, hangedman_decor_push,
          uniq_pargi, uniq_menkaure, uniq_grinder, uniq_blork_the_orc,
          uniq_robin
D:5:      layout_gridville, kennysheep_cluttered_room, minmay_mini_ossuary,
          uniq_eustachio
D:6:      layout_cave_pools, minmay_strange_pillars, lightli_minifort,
          uniq_sigmund
D:7:      minmay_s_stair_smasher, layout_basic,
          minmay_temple_entry_drinking_statues
D:8:      layout_loops_ring, mainiacjoe_overflow_small_starburst
D:9:      gammafunk_jiyva_shrine, layout_basic, grunt_temple_overflow_open,
          hellmonk_guarded_unrand_cigotuvi
D:10:     gammafunk_sealed_arena, layout_basic, minmay_lair_entry_grove,
          enter_bailey_5, hangedman_glass_teeth
D:11:     layout_basic, portal_ice_cave_entry_pillars_1,
          okawaru_ov_weapons_minmay
D:12:     layout_loops_ring, orc_0_dummy
D:13:     minmay_firetagon, layout_rooms, grunt_vaults_entry_fortified,
          nicolae_trove_entry_isolated, serial_shops, nicolae_stop_n_shop_1,
          maelrawn_ghost_gauntlet_escape, minivault_4, uniq_rupert, uniq_urug,
          uniq_lodul
D:14:     layout_basic, minmay_door_square, minmay_hidden_floor
D:15:     hangedman_depths_entry_civil_slaughter, layout_loops_ring,
          chequers_decorated_corner
Temple:   regret_index_temple_waves
Lair:1:   layout_cave_pods, beast_lair_carwin_7
Lair:2:   layout_small_grid, swamp_mist, dummy_snake_entry,
          nicolae_lair_lakeside_cave
Lair:3:   layout_cellular_growth, st_stairs_10, serial_bayou_shore_a,
          grunt_megastairs_3, serial_bayou_shore_b, infiniplex_staircase_pool_2
Lair:4:   layout_cave_shapes, minmay_slime_entry_jelly_boxes,
          lemuel_fruit_fields
Lair:5:   evilmike_catoblepas_cave, layout_cave_pods, minmay_stone_trees_small

Skill      XL: |  1  2  3  4  5  6  7  8  9 10 11 12 13 14 15 |
---------------+----------------------------------------------+-----
Dodging        | 3 4 5 6 7 8 10 11 13 | 13.2
Spellcasting   | 2 3 4 5 6 7 9 10 11 | 11.4
Hexes          | 4 5 6 7 8 9 10 | 10.0
Ranged Weapons | 3 4 5 6 7 9 11 12 14 15 17 | 17.4
Invocations    | 3 5 7 9 10 | 10.7
Fighting       | 1 4 5 6 |  6.4
Evocations     | 5 8 9 |  9.3

Action                   |  1- 3 |  4- 6 |  7- 9 | 10-12 | 13-15 || total
-------------------------+-------+-------+-------+-------+-------++-------
Melee: Whip              |     8 |       |       |       |       ||     8
 Fire: Sling             |    91 |   322 |   488 |   859 |   491 ||  2251
       Arbalest          |       |       |       |     9 |   516 ||   525
Throw: Throwing net      |       |       |       |       |     1 ||     1
 Cast: Slow              |    23 |    48 |    86 |   115 |   104 ||   376
       Portal Projectile |       |       |     4 |    13 |     7 ||    24
       Inner Flame       |       |       |     2 |    35 |    49 ||    86
       Cause Fear        |       |       |       |     2 |       ||     2
Invok: Wall of Briars    |       |       |       |     9 |     3 ||    12
       Grow Ballistomyce |       |       |       |     4 |       ||     4
 Abil: Evoke Blink       |       |       |       |    12 |    12 ||    24
Evoke: Wand              |       |       |       |       |     4 ||     4
  Use: Scroll            |       |     6 |    11 |     8 |     5 ||    30
       Potion            |       |       |       |     1 |     2 ||     3
Armor: Robe              |     7 |     5 |    19 |    54 |    20 ||   105
Dodge: Dodged            |    39 |    87 |    76 |   349 |   268 ||   819
       Repelled          |       |       |     1 |     7 |     7 ||    15
